 Dungeon Crawl Stone Soup version 0.30.1-11-g7821555f0a (webtiles) character file.

Game seed: 1014768561509625968

9109 case the Severer (level 11, 0/94 HPs)
             Began as a Minotaur Berserker on Jan 2, 2024.
             Was a High Priest of Trog.
             Slain by a gnoll sergeant
             ... wielding a +0 glaive
              (12 damage)
             ... in a bailey.
             The game lasted 00:14:20 (8567 turns).

case the Severer (Minotaur Berserker)               Turns: 8567, Time: 00:14:21

Health: 0/94       AC: 17    Str: 26    XL:     11   Next: 18%
Magic:  10/10      EV:  7    Int:  4    God:    Trog [*****.]
Gold:   510        SH:  0    Dex: 10    Spells: 10/10 levels left

rFire   . . .        D - +2 battleaxe (vamp)
rCold   . . .        (shield currently unavailable)
rNeg    . . .        m - +0 plate armour
rPois   .            x - +2 hat
rElec   .            y - +0 cloak {Will+}
rCorr   .            K - +0 pair of gloves
SInv    .            I - +1 pair of boots
Will    ++...        (no amulet) Stlth
                     e - ring of willpower
HPRegen 0.35/turn    (no ring)
MPRegen 0.12/turn

%: no passive effects
@: weakened
A: horns 2, retaliatory headbutt
a: Renounce Religion, Berserk, Trog's Hand, Brothers in Arms


You were in a bailey.
You worshipped Trog.
Trog was extremely pleased with you.
You visited 1 branch of the dungeon, and saw 10 of its levels.
You also visited: Bailey.

You collected 618 gold pieces.
You spent 108 gold pieces at shops.

Inventory:

Hand Weapons
 a - a +0 hand axe
 d - a +2 war axe of freezing
 u - a +0 battleaxe
 v - a +2 antimagic battleaxe
 D - a +2 vampiric battleaxe (weapon)
 M - a +0 trident
Missiles
 J - 3 throwing nets (quivered)
Armour
 i - a scarf of shadows
 m - a +0 plate armour (worn)
 p - a scarf of invisibility
 x - a +2 hat (worn)
 y - a +0 cloak of willpower (worn)
 I - a +1 pair of boots (worn)
 K - a +0 pair of gloves (worn)
Jewellery
 e - a ring of willpower (left hand)
Wands
 n - a wand of paralysis (16)
 H - a wand of mindburst (5)
 L - a wand of flame (4)
Scrolls
 c - 2 scrolls of identify
 f - 3 scrolls of fog
 g - 6 scrolls of magic mapping
 j - a scroll of enchant weapon {unknown}
 k - 3 scrolls of teleportation
 l - a scroll of brand weapon
 q - a scroll of acquirement {unknown}
 s - a scroll of immolation {unknown}
 w - a scroll of noise {unknown}
 B - 2 scrolls of fear {unknown}
 E - a scroll of poison {unknown}
 G - a scroll of blinking {unknown}
Potions
 b - a potion of magic {unknown}
 h - 2 potions of cancellation
 o - 8 potions of curing
 r - 3 potions of degeneration
 t - 4 potions of brilliance
 z - 3 potions of ambrosia
 A - 2 potions of flight
 C - 2 potions of heal wounds {unknown}
 F - 3 potions of mutation


   Skills:
 + Level 8.1 Fighting
 * Level 19.2 Axes
 - Level 2.4 Armour
 - Level 2.2 Dodging


You had 10 spell levels left.
You didn't know any spells.
Your spell library was empty.

Dungeon Overview and Level Annotations

Branches:
Dungeon (10/15)            Temple (0/1) D:5            Lair (0/5) D:10
 Bailey (1/1)
    Orc: D:9-12

Altars:
Dithmenos
Kikubaaqudgha
Makhleb
Okawaru
Qazlal
Sif Muna
Vehumet
Wu Jian

Shops:
D:3 (   D:5 :   D:6 =   D:9 [

Annotations:
D:10 2 transporters Bailey Grum


Innate Abilities, Weirdness & Mutations

You have a pair of horns on your head.
You reflexively headbutt those who attack you in melee.


Message History

You headbutt the gnoll sergeant.
The gnoll bouda calls upon its god to heal the gnoll sergeant.
The gnoll sergeant's wounds heal themselves!
You barely miss the gnoll bouda.
The gnoll bouda is severely wounded.
You closely miss the gnoll bouda.
You hit the gnoll sergeant but do no damage.
You closely miss the wolf. The wolf bites you but does no damage.
The gnoll bouda hits you with a +0 halberd.
Grum hits you from afar with a -2 halberd.
The gnoll bouda mumbles some strange prayers to its god.
The gnoll bouda is healed somewhat.
The gnoll sergeant hits you with a +0 glaive!
You barely miss the gnoll bouda.
The gnoll bouda is moderately wounded.
You hit the gnoll bouda.
You feel better.
You slash the gnoll sergeant! You completely miss the wolf.
The wolf bites you but does no damage.
The gnoll bouda hits you but does no damage.
Grum barely misses you. The wolf barely misses you. You furiously retaliate!
You headbutt the wolf, but do no damage.
The gnoll bouda hits you with a +0 halberd.
The gnoll sergeant hits you but does no damage.
You slash the gnoll bouda!
The gnoll bouda is almost dead.
You hit the gnoll bouda.
You feel better.
You hit the gnoll sergeant.
You feel better.
You hit the wolf but do no damage. The wolf bites you but does no damage.
The gnoll bouda prays to its god.
The gnoll bouda is healed somewhat.
Grum hits you from afar with a -2 halberd!!!
* * * LOW HITPOINT WARNING * * *
You slice the gnoll bouda!!
You kill the gnoll bouda!
Trog accepts your kill.
You closely miss the wolf. You barely miss the gnoll bouda.
You hit the gnoll sergeant but do no damage.
The wolf barely misses you.
The gnoll bouda hits you but does no damage.
The gnoll sergeant hits you with a +0 glaive!
You die...

≈≈≈≈≈≈≈≈≈≈≈≈≈
...........
.......
#####...#####
##...#.).#...##
##...)'.).')...##
#...))#.).#)....#
#8....##'##.†h.8#
#....##...##g@..#
#...##.....##g).#
#...#.......#.g.#
###+#...8)..#...#
#.......#...#
##)....##...#
##)..##....#
##'## ...8# #...#


You could see Grum (strong, swift), a gnoll sergeant (swift), a wolf and a gnoll
bouda (swift).

Vanquished Creatures
  Nergalle (D:10)
  Maurice (D:9)
  Joseph (D:7)
  The ghost of dcgrp the Changer, a novice MfTm (D:5)
  A shadow (D:9)
  A wyvern (D:5)
  15 yaks
  A steam dragon (D:8)
  An acid dragon (D:8)
  2 water moccasins
  3 orc warriors
  2 black bears
  3 sky beasts
  2 ogres (D:5)
  A wolf (Bailey)
  8 centaurs
  3 phantoms
  A kobold brigand (D:6)
  3 bullfrogs
  2 gnoll sergeants (Bailey)
  2 scorpions
  10 wights
  9 killer bees
  A jelly (D:6)
  5 gnoll boudas
  4 hounds
  3 centaur skeletons (D:4)
  3 orc priests
  Ijyb (D:3)
  Natasha (thrice) (D:3)
  A scorpion zombie (D:4)
  5 iguanas
  12 orc wizards
  A hound skeleton (D:4)
  11 adders
  22 gnolls
  3 shadow imps
  2 white imps
  A worm (D:5)
  An adder skeleton (D:4)
  7 dart slugs
  37 orcs
  4 ball pythons
  5 bats
  5 endoplasms
  7 giant cockroaches
  12 goblins
  7 hobgoblins
  8 jackals
  13 kobolds
  3 quokkas
  3 frilled lizards
  6 rats
270 creatures vanquished.

Notes
Turn   | Place    | Note
-------+----------+-------------------------------------------
     0 | D:1      | case the Minotaur Berserker began the quest for the Orb.
     0 | D:1      | Reached XP level 1. HP: 19/19 MP: 0/0
    76 | D:1      | Reached skill level 4 in Axes
    91 | D:1      | Reached XP level 2. HP: 27/27 MP: 1/1
   180 | D:1      | Found a faded altar of an unknown god.
   402 | D:1      | Reached skill level 5 in Axes
   423 | D:1      | Reached ** piety under Trog
   424 | D:1      | Reached XP level 3. HP: 33/33 MP: 2/2
  1372 | D:2      | Reached XP level 4. HP: 40/40 MP: 3/3
  1391 | D:2      | Reached skill level 6 in Axes
  1853 | D:3      | Noticed Ijyb
  1854 | D:3      | Paralysed by Ijyb for 2 turns
  1866 | D:3      | Paralysed by Ijyb for 3 turns
  1873 | D:3      | Killed Ijyb
  1990 | D:3      | Reached XP level 5. HP: 44/46 MP: 4/4
  1999 | D:3      | Reached skill level 7 in Axes
  2065 | D:3      | Found Fuucasiwn's Antique Weapon Emporium.
  2297 | D:3      | Noticed Natasha
  2302 | D:3      | Killed Natasha
  2399 | D:3      | Noticed Natasha
  2413 | D:3      | Killed Natasha
  2640 | D:3      | Noticed Natasha
  2645 | D:3      | Killed Natasha
  2645 | D:3      | Reached *** piety under Trog
  2646 | D:3      | Reached skill level 8 in Axes
  2646 | D:3      | Reached XP level 6. HP: 44/52 MP: 5/5
  3137 | D:4      | Reached skill level 9 in Axes
  3255 | D:4      | Reached XP level 7. HP: 55/58 MP: 6/6
  3467 | D:4      | Reached skill level 10 in Axes
  3848 | D:5      | Entered Level 5 of the Dungeon
  3916 | D:5      | Found a staircase to the Ecumenical Temple.
  4037 | D:5      | Reached skill level 11 in Axes
  4360 | D:5      | Noticed a wyvern
  4364 | D:5      | Killed a wyvern
  4365 | D:5      | Reached XP level 8. HP: 50/66 MP: 7/7
  4532 | D:5      | Reached skill level 12 in Axes
  4625 | D:5      | Found a runed translucent gate.
  4625 | D:5      | Found a runed translucent gate.
  4625 | D:5      | Noticed dcgrp's ghost (novice MfTm)
  4626 | D:5      | Found a runed translucent gate.
  4828 | D:5      | Found Uwereaw's Book Boutique.
  4895 | D:5      | Killed dcgrp's ghost
  4900 | D:5      | Reached **** piety under Trog
  4965 | D:6      | Identified the +5 dagger of Lyresch {pain, Int+2}
  5160 | D:6      | Found Potirijylo's Jewellery Shop.
  5219 | D:6      | Reached skill level 13 in Axes
  5850 | D:6      | Reached XP level 9. HP: 10/72 MP: 8/8
  5853 | D:6      | HP: 3/72 [poisoned by a killer bee]
  6205 | D:7      | Reached skill level 14 in Axes
  6343 | D:7      | Reached skill level 5 in Fighting
  6425 | D:7      | Reached skill level 15 in Axes
  6447 | D:7      | Noticed Joseph
  6457 | D:7      | Killed Joseph
  6915 | D:8      | Reached skill level 16 in Axes
  6984 | D:8      | Reached XP level 10. HP: 76/83 MP: 9/9
  7083 | D:8      | Found a shadowy altar of Dithmenos.
  7083 | D:8      | Found an ornate altar of the Wu Jian Council.
  7122 | D:8      | Reached skill level 17 in Axes
  7136 | D:8      | Reached ***** piety under Trog
  7169 | D:8      | Found an iron altar of Okawaru.
  7271 | D:8      | Found a stormy altar of Qazlal.
  7600 | D:9      | Found an ancient bone altar of Kikubaaqudgha.
  7614 | D:9      | Reached skill level 18 in Axes
  7801 | D:9      | Identified the +7 quarterstaff "Haunt" {freeze, rPois rF+
                  | Int+3 Dex-4}
  7808 | D:9      | Noticed Maurice
  7823 | D:9      | Killed Maurice
  7853 | D:9      | Found Fuzakisi's Antique Armour Emporium.
  7855 | D:9      | Found a burning altar of Makhleb.
  7893 | D:9      | Bought a pair of gloves for 108 gold pieces
  7947 | D:9      | Identified the +0 leather armour of Demonic Amelioration
                  | {Str-5 Int+4}
  8033 | D:9      | Reached XP level 11. HP: 93/93 MP: 10/10
  8052 | D:9      | Found a radiant altar of Vehumet.
  8057 | D:9      | Found a shimmering blue altar of Sif Muna.
  8225 | D:10     | Entered Level 10 of the Dungeon
  8228 | D:10     | Received a gift from Trog
  8259 | D:10     | Found a transporter.
  8261 | D:10     | Found a transporter.
  8268 | D:10     | Noticed Nergalle
  8291 | D:10     | Killed Nergalle
  8292 | D:10     | Reached skill level 19 in Axes
  8328 | D:10     | Found a flagged portal.
  8335 | Bailey   | Entered a bailey
  8558 | Bailey   | Noticed Grum
  8567 | Bailey   | Slain by a gnoll sergeant

Illustrated notes

Levels and vault maps discovered:
D:1:      lightli_arrival_statuegarden, layout_basic, basic_ecumenical_altar,
          ebering_dispersal_statue_hall
D:2:      layout_basic
D:3:      layout_loops_corners, serial_shops, nicolae_shop_waterfront,
          uniq_ijyb, uniq_natasha
D:4:      layout_rooms, serial_undead, serial_undead_c, serial_undead_c,
          serial_undead_f, serial_undead_d, minmay_pentomino_pile
D:5:      layout_basic, minmay_temple_entry_butterflies, serial_shops,
          nicolae_shop_stone, gammafunk_ghost_split
D:6:      layout_cave_pods, serial_shops, shop
D:7:      layout_basic, st_stairs_7, grunt_tough_drop, uniq_joseph
D:8:      layout_cave_pools, gammafunk_temple_overflow_elements,
          hangedman_feature_mirror
D:9:      layout_basic, grunt_temple_overflow_magic_moments, bloody_makhleb,
          serial_shops, shop, bh_walls_and_bars, uniq_maurice
D:10:     minmay_the_grid_octo_triangle [minmay_the_grid_octo_vomiting_pacman,
          minmay_the_grid_octo_prize_single_spiral, minmay_the_grid_octo_chip],
          layout_cave_pools, nicolae_overflow_hidden_temple, erik_lair_dragon,
          serial_shops, nicolae_shop_rolling_square, enter_bailey_3,
          minivault_16, serial_nicolae_subway, nicolae_sub_station_crystal,
          nicolae_sub_station_stone, nicolae_sub_station_metal, uniq_nergalle
Bailey:   bailey_polearm_gnolls_kennysheep, bailey

Skill      XL: |  1  2  3  4  5  6  7  8  9 10 11 |
---------------+----------------------------------+-----
Axes           | 4 5 6 8 9 11 13 16 18 19 | 19.2
Fighting       | 4 6 7 8 |  8.1
Armour         | |  2.4
Dodging        | |  2.2

Action                     |  1- 3 |  4- 6 |  7- 9 | 10-12 || total
---------------------------+-------+-------+-------+-------++-------
  Melee: Hand axe          |    80 |   111 |       |       ||   191
         Headbutt          |    11 |    19 |    26 |    29 ||    85
         Punch             |       |     1 |       |       ||     1
         Battleaxe         |       |    23 |   213 |   197 ||   433
  Throw: Throwing net      |       |       |       |     1 ||     1
 Invoke: Berserk           |       |       |     4 |     1 ||     5
         Trog's Hand       |       |       |       |     1 ||     1
    Use: Scroll            |       |       |    14 |     3 ||    17
 Armour: Animal skin       |     4 |       |       |       ||     4
         Leather armour    |    14 |     2 |       |       ||    16
         Plate armour      |       |   109 |   150 |   143 ||   402
  Dodge: Dodged            |    52 |    50 |    88 |    94 ||   284
